 Dungeon Crawl Stone Soup version 0.27.1-33-g824d729ab1 (webtiles) character file.

Game seed: 8649934299615744559

711 jlumianski the Chopper (level 7, -1/44 HPs)
             Began as a Gargoyle Monk on Dec 6, 2021.
             Slain by a black bear (5 damage)
             ... on level 6 of the Dungeon.
             The game lasted 00:15:19 (3944 turns).

jlumianski the Chopper (Gargoyle Monk)              Turns: 3944, Time: 00:15:20

Health: -1/44      AC: 16    Str: 16    XL:     7   Next: 68%
Magic:  9/9        EV: 10    Int: 11    God:
Gold:   135        SH:  0    Dex: 18    Spells: 8/9 levels left

rFire    x . .     SeeInvis .   a - +0 hand axe
rCold    + + .     Faith    .   (no shield)
rNeg     + . .     Spirit   .   h - +0 ice dragon scales
rPois    ∞         Reflect  .   q - +0 helmet
rElec    +         Harm     .   (no cloak)
rCorr    +         Rampage  .   (no gloves)
Will     .....                  (no boots)
Stlth    +.........             (no amulet)
HPRegen  0.14/turn              k - +6 ring of dexterity
MPRegen  0.11/turn              m - ring of resist corrosion

@: no status effects
A: sickness immunity, AC +4, negative energy resistance 1, electricity
resistance, torment resistance 1, petrification resistance
a: no special abilities


You were on level 6 of the Dungeon.
You visited 1 branch of the dungeon, and saw 5 of its levels.

You collected 135 gold pieces.

Inventory:

Hand Weapons
 a - a +0 hand axe (weapon)
 r - a +2 dagger of speed
Missiles
 d - 167 stones
 g - 43 poisoned darts
 j - 45 sling bullets
 t - 3 boomerangs (quivered)
Armour
 b - a +0 robe
 f - a +0 chain mail
 h - +0 ice dragon scales (worn)
 q - a +0 helmet (worn)
Jewellery
 k - a +6 ring of dexterity (left hand)
 m - a ring of resist corrosion (right hand)
 v - a ring of wizardry
Scrolls
 n - a scroll of enchant weapon
Potions
 c - a potion of degeneration
 e - 5 potions of curing
 i - a potion of berserk rage
 l - a potion of invisibility
 o - 2 potions of heal wounds {unknown}
 p - a potion of magic
 s - a potion of haste {unknown}
 u - a potion of resistance {unknown}


   Skills:
 + Level 4.4 Fighting
 + Level 5.4 Axes
 + Level 1.2 Throwing
 + Level 3.1 Armour
 + Level 3.1 Dodging
 + Level 2.5 Stealth
 * Level 1.8 Spellcasting
 * Level 2.1 Fire Magic


You had 8 spell levels left.
You knew the following spells:

 Your Spells              Type           Power      Damage    Failure   Level
a - Foxfire               Conj/Fire      12%        2x1d4     65%         1

Your spell library contained the following spells:

 Spells                   Type           Power      Damage    Failure   Level
 Conjure Flame            Conj/Fire      3%         6-21      95%         3
 Inner Flame              Hex/Fire       3%         N/A       95%         3


Dungeon Overview and Level Annotations

Branches:
Dungeon (6/15)
 Temple: D:4-7

Altars:
Ashenzari
Xom
Yredelemnul


Innate Abilities, Weirdness & Mutations

You are immune to sickness and miasma.
Your stone body is resilient. (AC +4)
You are immune to poison.
You resist negative energy. (rN+)
You are resistant to electric shocks. (rElec)
You are resistant to unholy torment.
You are immune to petrification.


Message History

The black bear is severely wounded.
The black bear bites you but does no damage.
The black bear claws you but does no damage. x2
The black bear bites you but does no damage.
The black bear claws you but does no damage. x2
You barely miss the black bear.
The black bear is severely wounded.
The black bear closely misses you. The black bear claws you.
The black bear claws you but does no damage.
You barely miss the black bear.
The black bear is severely wounded.
The black bear completely misses you. The black bear closely misses you. x2
The black bear bites you.
The black bear claws you but does no damage.
The black bear barely misses you.
You hit the black bear.
The black bear is severely wounded.
The black bear bites you but does no damage.
The black bear barely misses you.
The black bear claws you but does no damage.
You hit the black bear.
The black bear is almost dead.
The black bear bites you.
The black bear claws you but does no damage.
The black bear closely misses you. x2; The black bear barely misses you.
The black bear completely misses you.
You closely miss the black bear.
The black bear is severely wounded.
The black bear bites you. The black bear barely misses you.
The black bear claws you but does no damage.
You closely miss the black bear.
The black bear is severely wounded.
The black bear bites you but does no damage.
The black bear claws you but does no damage.
The black bear barely misses you. The black bear bites you!
* * * LOW HITPOINT WARNING * * *
The black bear claws you.
* * * LOW HITPOINT WARNING * * *
The black bear claws you.
You die...

#.# #.##..# .. #.#
#.##..##.# #.# #.##.....#
#.# #.##.##..# #.#
#....##..### #.#
#....#.....# #.####.#
#<.........####
#......#####.#.#.........
######...h@....#.....###
#.#####.###.....# #.#
#......#### #.# #.####.#
#.# #.# #.# #.# #.# #.#
#.. #.# #.# ### ..# #.#
#.#


You could see a black bear (berserk).

Vanquished Creatures
  A water moccasin (D:6)
  A hornet zombie (D:6)
  A necrophage (D:5)
  A phantom (D:5)
  A water moccasin zombie (D:6)
  A centaur zombie (D:6)
  A hound (D:5)
  2 orc priests (D:2)
  An iguana (D:6)
  A killer bee zombie (D:6)
  Robin (D:2)
  4 adders
  An ufetubus (D:6)
  2 worms
  2 dart slugs
  4 orcs
  10 ball pythons
  9 bats
  3 endoplasms
  A giant cockroach (D:2)
  8 hobgoblins
  4 quokkas
  2 frilled lizards
  13 goblins
  3 kobolds
  2 rats
80 creatures vanquished.

Notes
Turn   | Place    | Note
-------+----------+-------------------------------------------
     0 | D:1      | jlumianski the Gargoyle Monk began the quest for the Orb.
     0 | D:1      | Reached XP level 1. HP: 14/14 MP: 1/1
    60 | D:1      | Found a faded altar of an unknown god.
   278 | D:1      | Reached XP level 2. HP: 19/19 MP: 2/2
   366 | D:1      | Reached skill level 3 in Axes
   746 | D:1      | Reached XP level 3. HP: 23/23 MP: 3/3
  1349 | D:2      | Reached XP level 4. HP: 29/29 MP: 4/4
  1550 | D:2      | Noticed Robin
  1778 | D:2      | Killed Robin
  1893 | D:2      | Reached skill level 4 in Axes
  1893 | D:2      | Reached skill level 1 in Armour
  1893 | D:2      | Reached XP level 5. HP: 18/33 MP: 5/5
  2679 | D:3      | Found a broken altar of Ashenzari.
  2741 | D:3      | Learned a level 1 spell: Foxfire
  2829 | D:3      | Found a shimmering altar of Xom.
  2916 | D:3      | You fall into a shaft and drop 3 floors!
  2916 | D:6      | Noticed a water moccasin
  2940 | D:6      | Killed a water moccasin
  2941 | D:6      | Reached skill level 1 in Throwing
  2941 | D:6      | Reached XP level 6. HP: 27/38 MP: 5/7
  3048 | D:6      | Reached skill level 1 in Fire Magic
  3083 | D:6      | Reached skill level 1 in Spellcasting
  3356 | D:6      | Reached XP level 7. HP: 41/43 MP: 8/8
  3364 | D:6      | Found a basalt altar of Yredelemnul.
  3373 | D:6      | Reached skill level 5 in Axes
  3484 | D:5      | Entered Level 5 of the Dungeon
  3944 | D:6      | Slain by a black bear

Illustrated notes

Levels and vault maps discovered:
D:1:      dpeg_arrival_stone_temple_mockup, layout_loops_ring,
          chequers_ecumenical_altar_island
D:2:      layout_basic, minmay_split_cup_small, uniq_robin
D:3:      layout_loops_corners, nicolae_overflow_crystal_walls, led_xom_imps,
          grunt_temple_overflow_open, hangedman_decor_diamond_cutter,
          grunt_ministairs_4, uniq_jessica
D:5:      layout_loops_ring
D:6:      layout_loops_ring, nicolae_yredelemnul_corpse_copse,
          grunt_qazlal_clouds, minmay_checkerbox

Skill      XL: |  1  2  3  4  5  6  7 |
---------------+----------------------+-----
Axes           | 3 4 5 |  5.4
Armour         | 1 2 3 |  3.1
Fighting       | 4 |  4.4
Throwing       | 1 |  1.2
Dodging        | 3 |  3.1
Fire Magic     | 1 2 |  2.1
Spellcasting   | 1 |  1.8
Stealth        | |  2.5

Action                   |  1- 3 |  4- 6 |  7- 9 || total
-------------------------+-------+-------+-------++-------
Melee: Hand axe          |   114 |   223 |    96 ||   433
Throw: Dart              |     5 |     9 |     1 ||    15
       Boomerang         |       |       |     3 ||     3
  Use: Scroll            |     7 |       |     1 ||     8
 Stab: Sleeping          |     2 |       |       ||     2
Armor: Robe              |    11 |       |       ||    11
       Ice dragon scales |    56 |   132 |   113 ||   301
Dodge: Dodged            |    77 |   104 |    86 ||   267
